 Dungeon Crawl Stone Soup version 0.28.0 (webtiles) character file.

Game seed: 15276897155104259852

2618 AmazingTV the Fighter (level 9, -3/83 HPs)
             Began as a Minotaur Fighter on June 28, 2022.
             Was a Priest of Elyvilon.
             Shot with an arrow by a centaur warrior (26 damage)
             ... on level 8 of the Dungeon.
             The game lasted 00:20:00 (6268 turns).

AmazingTV the Fighter (Minotaur Fighter)            Turns: 6268, Time: 00:20:01

Health: -3/83      AC: 10    Str: 21    XL:     9   Next: 34%
Magic:  7/8        EV:  9    Int: 10    God:    Elyvilon [***...]
Gold:   198        SH:  7    Dex: 18    Spells: 8/8 levels left

rFire   . . .      SeeInvis .   a - +4 war axe of Pyfeh {spect, Dex+4}
rCold   . . .      Faith    .   c - +1 buckler
rNeg    + . .      Spirit   .   b - +0 scale mail
rPois   +          Reflect  .   (helmet restricted)
rElec   .          Harm     .   C - +2 ratskin cloak {*Rats rPois rN+ Str-1 Int-1 Dex+1}
rCorr   .          Rampage  .   (no gloves)
Will    .....                   (no boots)
Stlth   ..........              (no amulet)
HPRegen 0.23/turn               z - +6 ring of intelligence
MPRegen 0.11/turn               (no ring)

@: no status effects
A: horns 2, retaliatory headbutt
a: Renounce Religion, Purification, Heal Other, Heal Self


You were on level 8 of the Dungeon.
You worshipped Elyvilon.
Elyvilon was most pleased with you.
You visited 2 branches of the dungeon, and saw 9 of its levels.

You collected 324 gold pieces.
You spent 126 gold pieces at shops.

Inventory:

Hand Weapons
 a - the +4 war axe of Pyfeh (weapon) {spect, Dex+4}
   (You found it on level 5 of the Dungeon)

   When its wielder attacks, the weapon's spirit leaps out and strikes again.
   The spirit shares a part of any damage it takes with its wielder.
   Dex:       It affects your dexterity (+4).
 t - a +0 arbalest
 y - a +0 war axe
Missiles
 k - 70 bolts
Armour
 b - a +0 scale mail (worn)
 c - a +1 buckler (worn)
 B - a +0 cloak of stealth
 C - the +2 ratskin cloak (worn) {*Rats rPois rN+ Str-1 Int-1 Dex+1}
   (You found it on level 6 of the Dungeon)

   When the wearer is hurt, rats may emerge from it to assist them.
   Str:       It affects your strength (-1).
   Int:       It affects your intelligence (-1).
   Dex:       It affects your dexterity (+1).
   rPois:     It protects you from poison.
   rN:        It protects you from negative energy.
Jewellery
 z - a +6 ring of intelligence (left hand)
Scrolls
 f - 7 scrolls of identify {unknown}
 h - a scroll of enchant armour
 q - 2 scrolls of enchant weapon {unknown}
 r - 3 scrolls of fear {unknown}
 s - a scroll of holy word
 v - 2 scrolls of magic mapping {unknown}
 w - a scroll of teleportation {unknown}
 A - a scroll of immolation {unknown}
Potions
 d - 2 potions of might
 e - a potion of haste
 i - 4 potions of curing
 j - a potion of berserk rage {unknown}
 l - 2 potions of resistance
 m - 2 potions of lignification {unknown}
 o - a potion of degeneration
 D - a potion of magic


   Skills:
 + Level 9.1 Fighting
 + Level 8.7(10.2) Axes
 + Level 8.3(10.0) Maces & Flails
 - Level 3.6 Armour
 - Level 6.0 Shields


You had 8 spell levels left.
You didn't know any spells.
Your spell library was empty.

Dungeon Overview and Level Annotations

Branches:
Dungeon (8/15)             Temple (1/1) D:4
   Lair: D:8-11

Altars:
Cheibriados
Dithmenos
Elyvilon
Fedhas
Hepliaklqana
Kikubaaqudgha
Makhleb
Nemelex Xobeh
Okawaru
Qazlal
Ru
Sif Muna
Trog
Uskayaw
Vehumet
Wu Jian
Xom
Yredelemnul
Zin
The Shining One

Shops:
D:4 !

Annotations:
D:3 Sigmund


Innate Abilities, Weirdness & Mutations

You have a pair of horns on your head.
You reflexively headbutt those who attack you in melee.


Message History

Your spectral weapon shares its damage with you!
The manticore misses your +4 war axe of Pyfeh {spect, Dex+4}.
The manticore closely misses your +4 war axe of Pyfeh {spect, Dex+4}.
You barely miss the centaur warrior.
The centaur warrior is almost dead.
Your +4 war axe of Pyfeh {spect, Dex+4} completely misses the centaur warrior.
Your +4 war axe of Pyfeh {spect, Dex+4} hits the manticore.
The centaur warrior hits you but does no damage.
The centaur warrior kicks you.
The centaur warrior completely misses you.
You block the centaur warrior's attack.
The manticore closely misses your +4 war axe of Pyfeh {spect, Dex+4}.
The manticore misses your +4 war axe of Pyfeh {spect, Dex+4}.
The manticore claws your +4 war axe of Pyfeh {spect, Dex+4}.
Your spectral weapon shares its damage with you!
You feel much better. The centaur warrior barely misses you.
The centaur warrior kicks you but does no damage.
The centaur warrior hits you with the +3 falchion of the Spectre {flame, Str+3}.
The centaur warrior burns you. You block the centaur warrior's attack.
The centaur warrior unwields the +3 falchion of the Spectre {flame, Str+3}.
It stops flaming.
The centaur warrior wields a +0 shortbow.
The centaur warrior shoots an arrow.
The arrow hits you!
The centaur warrior shoots an arrow.
The arrow hits you!
* * * LOW HITPOINT WARNING * * *
The centaur warrior shoots an arrow.
You block the arrow.
The centaur warrior shoots an arrow.
The arrow barely misses you.
The centaur warrior shoots an arrow.
The arrow hits you!
* * * LOW HITPOINT WARNING * * *
Found an embroidered robe.
The manticore flicks its tail.
The volley of spikes misses you.
You feel much better.
You can now provide healing for yourself.
The centaur warrior shoots an arrow.
The arrow hits you!
* * * LOW HITPOINT WARNING * * *
The manticore flicks its tail.
You block the volley of spikes.
The centaur warrior shoots an arrow.
The arrow hits you!!
You die...

.........### ...
..........#.. ...
..........#.# ...
#.........#.# #..
###.........#.#
.###.####.............#
....................#.#
....................#.#
.......@...........)#.##
....................#...
............#....##.####
.........H..#.......##..
....[#...D.c#.##.##.#..#
###.........#c##.#..#.
............)D..# .#
............)........#
..##..............#.#


You could see an eight-headed hydra, a centaur warrior and a manticore.

Vanquished Creatures
  A deep elf pyromancer (D:8)
  2 water moccasins
  2 orc warriors
  A necrophage (D:6)
  2 ogres
  A centaur (D:8)
  A kobold brigand (D:8)
  A bullfrog (D:7)
  A water moccasin skeleton (D:4)
  6 killer bees (D:7)
  A howler monkey (D:6)
  3 hounds
  2 jellies
  2 centaur skeletons
  An orc priest (D:4)
  Crazy Yiuf (D:6)
  4 bullfrog skeletons
  2 iguanas
  4 orc wizards
  4 hell rats (D:6)
  5 adders
  6 gnolls
  16 river rats (D:6)
  A white imp (D:6)
  An ufetubus (D:4)
  2 dart slugs (D:3)
  10 orcs
  7 ball pythons
  6 endoplasms
  5 giant cockroaches
  7 goblins
  10 hobgoblins
  A jackal (D:3)
  2 quokkas
  3 bats
  5 frilled lizards
  7 kobolds
  A rat (D:3)
137 creatures vanquished.

Vanquished Creatures (collateral kills)
  An iguana (D:7)
1 creature vanquished.

Vanquished Creatures (others)
  An orc priest (D:8)
  A plant (D:3)
2 creatures vanquished.

Grand Total: 140 creatures vanquished

Notes
Turn   | Place    | Note
-------+----------+-------------------------------------------
     0 | D:1      | AmazingTV the Minotaur Fighter began the quest for the Orb.
     0 | D:1      | Reached XP level 1. HP: 19/19 MP: 0/0
   287 | D:1      | Reached XP level 2. HP: 26/27 MP: 1/1
   331 | D:1      | Reached skill level 1 in Maces & Flails
   811 | D:2      | Reached skill level 4 in Fighting
   940 | D:2      | Found a radiant altar of Vehumet.
  1021 | D:2      | Reached XP level 3. HP: 33/33 MP: 2/2
  1317 | D:3      | Noticed Sigmund
  1659 | D:3      | Found a faded altar of an unknown god.
  1761 | D:3      | Found a sacrificial altar of Ru.
  1796 | D:3      | Found a blossoming altar of Fedhas.
  1826 | D:3      | Reached XP level 4. HP: 40/40 MP: 3/3
  2030 | D:4      | Found Eca Tici's Distillery.
  2039 | D:4      | Bought a potion of curing for 42 gold pieces
  2039 | D:4      | Bought a potion of degeneration for 14 gold pieces
  2039 | D:4      | Bought a potion of heal wounds for 70 gold pieces
  2126 | D:4      | Found a staircase to the Ecumenical Temple.
  2142 | Temple   | Entered the Ecumenical Temple
  2260 | Temple   | Became a worshipper of Elyvilon the Healer
  2538 | D:4      | Reached XP level 5. HP: 37/47 MP: 4/4
  2652 | D:4      | Reached skill level 5 in Shields
  2791 | D:4      | Reached skill level 5 in Fighting
  2791 | D:4      | Reached XP level 6. HP: 41/56 MP: 5/5
  2902 | D:4      | Found a burning altar of Makhleb.
  3275 | D:5      | Entered Level 5 of the Dungeon
  3338 | D:5      | Reached * piety under Elyvilon
  3993 | D:5      | Identified the +4 war axe of Pyfeh {spect, Dex+4}
  4075 | D:6      | Noticed a water moccasin
  4082 | D:6      | Killed a water moccasin
  4083 | D:6      | Reached skill level 5 in Axes
  4083 | D:6      | Reached XP level 7. HP: 48/62 MP: 6/6
  4238 | D:6      | Reached skill level 6 in Fighting
  4371 | D:6      | Reached skill level 5 in Maces & Flails
  4626 | D:6      | Reached ** piety under Elyvilon
  4665 | D:6      | Found a runed translucent door.
  4666 | D:6      | Noticed Crazy Yiuf
  4677 | D:6      | Killed Crazy Yiuf
  4760 | D:6      | Found a sparkling altar of Nemelex Xobeh.
  4923 | D:6      | Reached XP level 8. HP: 71/71 MP: 7/7
  4974 | D:6      | Reached skill level 7 in Fighting
  5245 | D:6      | Found the +2 ratskin cloak {*Rats rPois rN+ Str-1 Int-1
                  | Dex+1}
  5409 | D:7      | Noticed a skeletal warrior
  5412 | D:7      | Noticed a skeletal warrior
  5412 | D:7      | Noticed a skeletal warrior
  5549 | D:7      | Reached skill level 8 in Fighting
  5653 | D:7      | Noticed a skeletal warrior
  5752 | D:7      | Noticed a skeletal warrior
  5780 | D:7      | HP: 3/75 [skeletal warrior[a skeletal warrior] (1)]
  6094 | D:8      | Reached XP level 9. HP: 80/82 MP: 8/8
  6219 | D:8      | Noticed an eight-headed hydra
  6219 | D:8      | Noticed a cyclops
  6235 | D:8      | Reached *** piety under Elyvilon
  6235 | D:8      | Noticed a deep elf pyromancer
  6238 | D:8      | Noticed a manticore
  6240 | D:8      | Killed a deep elf pyromancer
  6241 | D:8      | Reached skill level 9 in Fighting
  6243 | D:8      | Identified the +3 falchion of the Spectre {flame, Str+3}
  6243 | D:8      | Noticed a centaur warrior
  6268 | D:8      | Shot with an arrow by a centaur warrior

Illustrated notes

Levels and vault maps discovered:
D:1:      tarquinn_simple_flora_water_d, layout_loops_ring,
          chequers_serial_rivers_micro_a
D:2:      layout_rooms, basic_altar
D:3:      layout_rooms, fedhas_ov_isle_minmay,
          nicolae_ru_great_annihilating_truth,
          shapermc_ecumenical_altar_notcrosses, minmay_strange_pillars,
          uniq_sigmund
D:4:      layout_loops_ring, mainiacjoe_overflow_catwalk,
          minmay_temple_entry_glassed_door, serial_shops, nicolae_lakefront_shop
D:5:      layout_basic
D:6:      wander_guarded_unrand_ratskin, layout_rooms, nemelex_altar_shiori,
          chequers_mini_garden, grunt_tough_drop, uniq_crazy_yiuf_cottage
D:7:      nicolae_cairo_tiling, layout_basic, uniq_harold, uniq_menkaure
D:8:      layout_basic, enter_bailey_4, minmay_the_grid_2x2
          [minmay_the_grid_paths, minmay_the_grid_tree, minmay_the_grid_armoury,
          minmay_the_grid_prize_inner_circle], uniq_erica
Temple:   eino_temple_scatter_basement

Skill      XL: |  1  2  3  4  5  6  7  8  9 |
---------------+----------------------------+-----
Maces & Flails | 1 2 3 4 5 7 8 |  8.3
Shields        | 4 5 6 |  6.0
Fighting       | 4 5 6 8 9 |  9.1
Axes           | 3 4 5 6 8 |  8.7
Armour         | |  3.6

Action                   |  1- 3 |  4- 6 |  7- 9 || total
-------------------------+-------+-------+-------++-------
Melee: War axe           |   105 |    83 |   123 ||   311
       Headbutt          |    11 |    14 |    21 ||    46
Invok: Heal Self         |       |       |     1 ||     1
  Use: Potion            |       |       |    15 ||    15
       Scroll            |       |       |     4 ||     4
 Stab: Paralysed         |     2 |       |       ||     2
       Invisible         |     1 |       |       ||     1
       Distracted        |       |       |     2 ||     2
       Sleeping          |       |       |     1 ||     1
Armor: Scale mail        |    47 |    19 |    50 ||   116
Dodge: Dodged            |    55 |    36 |    53 ||   144
Block: Buckler           |    23 |    20 |    37 ||    80
